 Dungeon Crawl Stone Soup version 0.23-a0-586-gacb4b3f (webtiles) character file.

33680 hairmachine the Martial Artist (level 13, -13/118 HPs)
             Began as a White Draconian Transmuter on Dec 18, 2018.
             Was a High Priest of Yredelemnul.
             Mangled by a phantasmal warrior (19 damage)
             ... led by a death knight
             ... on level 12 of the Dungeon.
             The game lasted 02:09:46 (24927 turns).

hairmachine the Martial Artist (DrTm)              Turns: 24927, Time: 02:09:47

Health: -13/118    AC: 10    Str: 13    XL:     13   Next: 38%
Magic:  21/21      EV: 16    Int: 24    God:    Yredelemnul [*****.]
Gold:   957        SH:  0    Dex: 14    Spells: 7/23 levels left

rFire    + . .     SeeInvis .     - Unarmed
rCold    + . .     Gourm    .   (shield currently unavailable)
rNeg     . . .     Faith    .   (armour unavailable)
rPois    .         Spirit   .   (helmet restricted)
rElec    +         Reflect  .   y - +1 cloak
rCorr    +         Harm     .   (gloves currently unavailable)
MR       .....                  (no boots)
Stlth    +.........             M - amulet of regeneration
HPRegen  0.69/turn              o - ring "Ennyoha" {rElec rF+ Int+8}
MPRegen  0.17/turn              L - ring of resist corrosion

@: confused, blade hands, vulnerable
A: breathe frost, unfitting armour, cold resistance 1, cold-blooded, AC +8
a: Breathe Frost, End Transformation, Recall Undead Slaves, Injury Mirror,
Animate Dead, Drain Life, Enslave Soul, Renounce Religion


You were on level 12 of the Dungeon.
You worshipped Yredelemnul.
Yredelemnul was extremely pleased with you.
You were hungry.
You had blades for hands.
You visited 3 branches of the dungeon, and saw 18 of its levels.
You also visited: Gauntlet.

You collected 957 gold pieces.

Inventory:

Missiles
 a - 164 arrows
 e - 25 javelins (quivered)
 h - 331 stones
 n - a throwing net
Armour
 k - a +0 pair of gloves (melded)
 y - a +1 cloak (worn)
 B - a +0 shield
Jewellery
 f - a +6 ring of strength
 o - the ring "Ennyoha" (left scythe-like blade) {rElec rF+ Int+8}
   (You found it in a Gauntlet)

   [ring of protection from fire]

   It affects your intelligence (+8).
   It protects you from fire.
   It insulates you from electricity.
 p - an uncursed ring of positive energy
 A - an uncursed ring of protection from fire
 J - an uncursed ring of flight
 L - a ring of resist corrosion (right scythe-like blade)
 M - an amulet of regeneration (around neck)
Wands
 r - a wand of flame (31)
 z - a wand of random effects (14)
 F - a wand of iceblast (7)
 I - a wand of digging (5)
 N - a wand of polymorph (11)
Scrolls
 b - 12 scrolls of remove curse
 d - 4 scrolls of identify
 g - a scroll of magic mapping
 i - a scroll of fog
 j - 3 scrolls of immolation
 q - 3 scrolls of amnesia
 w - 2 scrolls of enchant armour
 D - a scroll of teleportation {unknown}
 E - a scroll of noise {unknown}
 K - a scroll of vulnerability {unknown}
 O - a scroll of torment {unknown}
Potions
 l - a potion of flight
 s - 2 potions of magic {unknown}
 t - a potion of brilliance
 v - a potion of curing
 x - 2 potions of cancellation
 C - 2 potions of agility
 G - 3 potions of ambrosia
 H - a potion of lignification {unknown}
 P - a potion of invisibility {unknown}
Comestibles
 c - 24 rations


   Skills:
 - Level 12.0 Fighting
 + Level 6.5 Dodging
 + Level 13.5 Unarmed Combat
 + Level 5.6 Spellcasting
 - Level 2.1 Conjurations
 + Level 11.2 Transmutations
 - Level 3.1 Air Magic
 - Level 2.1 Poison Magic
 - Level 3.1 Invocations


You had 7 spell levels left.
You knew the following spells:

 Your Spells              Type           Power        Failure   Level  Hunger
a - Beastly Appendage     Tmut           ######       7%          1    None
b - Sticks to Snakes      Tmut           ######..     8%          2    None
c - Spider Form           Tmut/Pois      #####.....   19%         3    #......
d - Poisonous Vapours     Pois/Air       ###...       30%         2    None
e - Mephitic Cloud        Conj/Pois/Air  ###.....     43%         3    #......
f - Blade Hands           Tmut           ######....   22%         5    #####..

Your spell library contained the following spells:

 Spells                   Type           Power        Failure   Level  Hunger
 Sting                    Conj/Pois      ###.         28%         1    None
 Ignite Poison            Fire/Tmut/Pois ####....     30%         3    #......
 Flame Tongue             Conj/Fire      ##...        34%         1    None
 Animate Skeleton         Necr           N/A          43%         1    None
 Confusing Touch          Hex            #.....       43%         1    None
 Pain                     Necr           #...         43%         1    None
 Throw Flame              Conj/Fire      ##....       43%         2    None
 Ice Form                 Ice/Tmut       ####....     43%         4    ###....
 Petrify                  Tmut/Erth      ####....     43%         4    ###....
 Blink                    Tloc           N/A          52%         2    None
 Conjure Flame            Conj/Fire      ##......     56%         3    #......
 Dazzling Spray           Conj/Hex       ##....       56%         3    #......
 Airstrike                Air            ###.......   65%         4    ###....
 Yara's Violent Unravell  Hex/Tmut       ####......   65%         5    #####..
 Confuse                  Hex            #.......     69%         3    #......
 Gell's Gravitas          Tloc           #.........   69%         3    #......
 Inner Flame              Hex/Fire       #.......     69%         3    #......
 Portal Projectile        Hex/Tloc       #.....       69%         3    #......
 Recall                   Summ/Tloc      N/A          69%         3    #......
 Regeneration             Chrm/Necr      #.........   69%         3    #......
 Summon Guardian Golem    Hex/Summ       #.......     69%         3    #......
 Teleport Other           Tloc           #.......     69%         3    #......
 Vampiric Draining        Necr           #.........   69%         3    #......
 Summon Lightning Spire   Summ/Air       ##......     82%         4    ###....
 Sticky Flame             Conj/Fire      ##......     86%         4    ###....
 Animate Dead             Necr           N/A          93%         4    ###....
 Leda's Liquefaction      Hex/Erth       #.........   93%         4    ###....
 Fireball                 Conj/Fire      ##........   98%         5    #####..
 Borgnjor's Vile Clutch   Necr/Erth      #.........   99%         5    #####..
 Dispel Undead            Necr           #.......     99%         5    #####..
 Metabolic Englaciation   Hex/Ice        #.........   99%         5    #####..
 Summon Forest            Summ/Tloc      #.........   99%         5    #####..
 Death Channel            Necr           #.........   100%        6    ######.
 Freezing Cloud           Conj/Ice/Air   ###.......   100%        6    ######.
 Simulacrum               Ice/Necr       #.........   100%        6    ######.
 Ring of Flames           Chrm/Fire      #.........   100%        7    #######
 Disjunction              Tloc           #.........   100%        8    #######
 Tornado                  Air            ###.......   100%        9    #######


Dungeon Overview and Level Annotations

Branches:
Dungeon (12/15)            Temple (1/1) D:5            Lair (5/6) D:9
  Swamp (0/4) Lair:3       Spider (0/4) Lair:2          Orc (0/2) D:12
  Slime: Lair:5-6

Altars:
Ashenzari
Cheibriados
Dithmenos
Elyvilon
Fedhas
Gozag
Hepliaklqana
Kikubaaqudgha
Makhleb
Nemelex Xobeh
Qazlal
Ru
Sif Muna
Trog
Uskayaw
Xom
Yredelemnul
Zin
The Shining One

Annotations:
D:4 Ijyb
D:5 3 runed doors, Menkaure; Stiffzip's ghost, amateur BaEn
D:6 3 runed doors, Lavandula's ghost, amateur HaEn
D:7 exclusion: downstairs
Lair:1 3 runed doors, gruber's ghost, journeyman KoAr; ilii's ghost, novice MfSu
Lair:4 exclusion: oklob plant
Lair:5 Rupert


Innate Abilities, Weirdness & Mutations

You can breathe waves of freezing cold.
You can buffet flying creatures when you breathe cold.
Your icy white scales are hard. (AC +8)
You cannot fit into any form of body armour.
Your flesh is cold resistant. (rC+)
You are cold-blooded and may be slowed by cold attacks.


Message History

Okay, then.
Okay, then.
Search for what [Enter for "orc", or ? for help]? tele Can't find anything matching that.
Unknown command.
Okay, then.
Okay, then.
Okay, then.
Okay, then.
You are confused.
You feel invigorated.
You feel yourself speed up. The phantasmal warrior hits you!
* * * LOW HITPOINT WARNING * * *
The death knight barely misses your flying skull.
The phantasmal warrior completely misses you.
The death knight hits something from afar with a +3 halberd!!
The phantasmal warrior hits you!!
You die...
Your body rises from the dead as a mindless zombie.

#Z.............# #.
##
####Z##########...#
#.#.. V........#
#...# #.#.###
Z.Z......# #)..#
##.#... .........#
#...# #....#
.........# #...#
#....# ...##....#
#...# #....# ...#
.....#
#...###.V..####...
.... ......
#.@Wz.'..p§....W.#
...........
#...###...#####SW#
....
.....#......[...#
....
.....##########.#
.... ...... .# ....
##.... # .... #...
.... #.. ....


You could see a death knight (unaware), a skeletal warrior, a phantasmal warrior
and a friendly vampire (invisible).

Vanquished Creatures
  A minotaur (Gauntlet)
  2 hydras
  3 catoblepae
  Erica (D:10)
  An unseen horror (D:11)
  An ugly thing (D:11)
  A moth of wrath (Gauntlet)
  An oklob plant (Gauntlet)
  A cyclops (D:12)
  2 slime creatures (D:12)
  6 spiny frogs
  3 rime drakes
  An efreet (Gauntlet)
  2 komodo dragons
  2 trolls (D:11)
  A hornet (D:8)
  A tyrant leech (Lair:3)
  Prince Ribbit (D:8)
  6 blink frogs
  5 hippogriffs
  A wyvern (D:10)
  2 vampires (D:11)
  2 wraiths
  20 yaks
  A fire elemental (Gauntlet)
  Eustachio (D:6)
  A basilisk (D:9)
  A vampire mosquito (D:11)
  A soldier ant (D:8)
  A swamp worm (Lair:3)
  2 acid dragons (Gauntlet)
  4 porcupines
  2 hell hounds (Gauntlet)
  2 water moccasins
  3 orc warriors
  2 ice beasts (D:12)
  3 ogres
  A black bear (D:12)
  6 wolves
  A centaur (D:11)
  6 crocodiles
  7 bullfrogs
  A rime drake skeleton (Lair:4)
  3 big kobolds
  A water moccasin zombie (D:7)
  2 scorpions
  8 killer bees
  2 electric eels
  2 howler monkeys
  3 crimson imps
  2 bullfrog zombies
  5 hounds
  7 jellies
  4 orc priests
  4 centaur skeletons
  A bullfrog skeleton (D:9)
  2 iguanas
  9 orc wizards
  8 worker ants
  A killer bee zombie (D:5)
  A big kobold zombie (D:8)
  2 hound zombies
  A hound skeleton (D:4)
  A howler monkey zombie (D:7)
  A worker ant zombie (D:8)
  Robin (D:2)
  3 gnolls (D:3)
  A howler monkey skeleton (D:6)
  10 adders
  4 shadow imps
  2 adder skeletons
  3 worms
  2 dart slugs (D:1)
  4 leopard geckos
  38 orcs
  2 giant cockroaches (D:6)
  13 goblins
  7 hobgoblins
  5 jackals
  23 kobolds
  A quokka (D:2)
  6 bats
  3 frilled lizards
  2 leopard gecko skeletons
  A quokka skeleton (D:4)
  A quokka zombie (D:9)
  8 rats
  A plant (Gauntlet)
324 creatures vanquished.

Vanquished Creatures (collateral kills)
  7 hydras
  2 two-headed ogres
  An ugly thing (D:11)
  A centaur zombie (D:10)
  A torpor snail (Lair:3)
  A black mamba (Lair:4)
  5 spiny frogs
  A gargoyle (D:11)
  A rime drake (Lair:1)
  A komodo dragon (Lair:4)
  A freezing wraith (D:12)
  A troll (D:10)
  3 tyrant leeches (D:11)
  2 blink frogs
  12 yaks
  A steam dragon (Lair:4)
  A basilisk (Lair:3)
  A hungry ghost (D:7)
  2 vampire mosquitoes (D:11)
  A warg (D:12)
  8 water moccasins
  2 swamp worms (Lair:3)
  5 porcupines
  An ice beast (D:12)
  3 ogres (D:8)
  A phantom (D:9)
  5 crocodiles
  A wolf (Lair:3)
  3 big kobolds
  10 bullfrogs
  A scorpion (D:10)
  10 killer bees
  2 orc wizards (D:11)
  A centaur skeleton (D:12)
  2 orc priests (D:12)
  A bullfrog skeleton (D:11)
  A worker ant (D:9)
  A worker ant zombie (D:11)
  An adder (D:11)
  15 orcs
  A goblin (D:12)
  13 kobolds
  3 butterflies (Lair:1)
  9 fungi
  4 plants
150 creatures vanquished.

Vanquished Creatures (others)
  A swamp worm zombie (Lair:3)
  A hydra zombie (Lair:4)
  7 flying skulls
  A vampire (D:12)
  3 spiny frog zombies (Lair:3)
  2 blink frog zombies (Lair:4)
  2 blink frog skeletons
  A komodo dragon zombie (Lair:4)
  A hippogriff zombie (Lair:1)
  A hippogriff skeleton (Lair:4)
  5 water moccasin zombies
  3 yak zombies
  A wight (Lair:3)
  A yak skeleton (Lair:4)
  A bullfrog zombie (Lair:4)
  A basilisk zombie (Lair:3)
  A bullfrog skeleton (Lair:1)
  A porcupine zombie (Lair:1)
  2 killer bee zombies
  2 crocodile zombies
  A hound zombie (D:9)
  A mummy (Lair:3)
  A steam dragon skeleton (Lair:4)
  4 orc zombies
  A goblin zombie (D:12)
  2 kobold zombies
  2 orc skeletons
  6 fungi
  7 plants
  6 withered plants (Lair:1)
69 creatures vanquished.

Grand Total: 543 creatures vanquished

Notes
Turn   | Place    | Note
-------+----------+-------------------------------------------
     0 | D:1      | hairmachine the Draconian Transmuter began the quest for
                  | the Orb.
     0 | D:1      | Reached XP level 1. HP: 16/16 MP: 3/3
   254 | D:1      | Reached XP level 2. HP: 13/23 MP: 3/5
  1251 | D:1      | Learned a level 2 spell: Sticks to Snakes
  1312 | D:2      | Found a blossoming altar of Fedhas.
  1466 | D:2      | Found a stormy altar of Qazlal.
  1555 | D:2      | Noticed Robin
  1577 | D:2      | Killed Robin
  1577 | D:2      | Reached skill level 4 in Unarmed Combat
  1577 | D:2      | Reached XP level 3. HP: 25/28 MP: 4/6
  2196 | D:2      | Learned a level 3 spell: Spider Form
  2687 | D:3      | Reached XP level 4. HP: 31/35 MP: 7/7
  3518 | D:3      | Reached skill level 5 in Unarmed Combat
  3866 | D:3      | Reached XP level 5. HP: 21/40 MP: 6/8
  4277 | D:4      | Found a white marble altar of Elyvilon.
  4459 | D:4      | Found a bloodstained altar of Trog.
  4506 | D:4      | Noticed an angel
  4507 | D:4      | Found a glowing silver altar of Zin.
  4507 | D:4      | Found a shimmering altar of Xom.
  5114 | D:4      | Noticed Ijyb
  5230 | D:5      | Entered Level 5 of the Dungeon
  5241 | D:5      | Found a staircase to the Ecumenical Temple.
  5248 | Temple   | Entered the Ecumenical Temple
  5274 | Temple   | Became a worshipper of Yredelemnul the Dark
  5438 | D:5      | Reached XP level 6. HP: 33/47 MP: 9/9
  5548 | D:5      | Found a runed gate.
  5548 | D:5      | Found a runed gate.
  5548 | D:5      | Found a runed gate.
  5548 | D:5      | Noticed Stiffzip's ghost (amateur BaEn)
  5658 | D:5      | Reached skill level 6 in Unarmed Combat
  5819 | D:5      | Noticed Menkaure
  6092 | D:6      | Reached skill level 1 in Poison Magic
  6299 | D:6      | Found a runed gate.
  6301 | D:6      | Noticed a kobold demonologist
  6302 | D:6      | Found a runed gate.
  6302 | D:6      | Found a runed gate.
  6302 | D:6      | Noticed Lavandula's ghost (amateur HaEn)
  6574 | D:6      | Noticed Eustachio
  6577 | D:6      | Your scales start taking on an icy white colour.
  6577 | D:6      | Reached XP level 7. HP: 53/55 MP: 10/10
  6577 | D:6      | Gained mutation: Your flesh is cold resistant. (rC+) [White
                  | Draconian growth]
  6611 | D:6      | Killed Eustachio
  6615 | D:6      | Reached * piety under Yredelemnul
  7302 | D:7      | Noticed a hungry ghost
  7407 | D:7      | Reached skill level 5 in Transmutations
  7589 | D:7      | Reached skill level 7 in Unarmed Combat
  7733 | D:7      | Reached XP level 8. HP: 61/66 MP: 11/11
  8031 | D:7      | Reached skill level 5 in Fighting
  8583 | D:7      | Learned a level 2 spell: Poisonous Vapours
  8587 | D:7      | Learned a level 3 spell: Mephitic Cloud
  8700 | D:8      | Found a glowing golden altar of the Shining One.
  8729 | D:8      | Reached skill level 8 in Unarmed Combat
  8729 | D:8      | Reached skill level 1 in Air Magic
  8801 | D:8      | Noticed Prince Ribbit
  8815 | D:8      | Killed Prince Ribbit
  8815 | D:8      | Reached ** piety under Yredelemnul
  8882 | D:8      | Found a burning altar of Makhleb.
  8882 | D:8      | Found a shattered altar of Ashenzari.
  9051 | D:8      | Found a snail-covered altar of Cheibriados.
  9423 | D:8      | Reached XP level 9. HP: 53/75 MP: 12/12
  9542 | D:8      | Reached skill level 1 in Conjurations
  9869 | D:8      | Reached skill level 9 in Unarmed Combat
 10345 | D:8      | Found an opulent altar of Gozag.
 10397 | D:8      | Paralysed by a hornet for 2 turns
 10982 | D:9      | Reached skill level 10 in Unarmed Combat
 11136 | D:9      | Noticed a two-headed ogre
 11284 | D:8      | Reached *** piety under Yredelemnul
 11497 | D:8      | Reached skill level 5 in Spellcasting
 11504 | D:8      | Learned a level 5 spell: Blade Hands
 11665 | D:8      | Killed a two-headed ogre
 11665 | D:8      | Reached XP level 10. HP: 56/84 MP: 17/17
 13136 | D:9      | Found a staircase to the Lair.
 13247 | Lair:1   | Entered Level 1 of the Lair of Beasts
 13557 | Lair:1   | Noticed a five-headed hydra
 13563 | Lair:1   | Killed a five-headed hydra
 13563 | Lair:1   | Reached skill level 11 in Unarmed Combat
 13625 | Lair:1   | Noticed a spiny frog
 13632 | Lair:1   | Killed a spiny frog
 13632 | Lair:1   | Reached **** piety under Yredelemnul
 13633 | Lair:1   | Noticed a six-headed hydra
 13805 | Lair:1   | Received a gift from Yredelemnul (a mummy)
 13810 | Lair:1   | Killed a six-headed hydra
 14490 | Lair:1   | Noticed a spiny frog
 14504 | Lair:1   | Killed a spiny frog
 14682 | Lair:1   | Found a runed gate.
 14683 | Lair:1   | Found a runed gate.
 14684 | Lair:1   | Found a runed gate.
 14685 | Lair:1   | Noticed gruber's ghost (journeyman KoAr)
 14686 | Lair:1   | Noticed ilii's ghost (novice MfSu)
 14791 | Lair:1   | Reached XP level 11. HP: 95/95 MP: 18/18
 16409 | Lair:2   | Noticed a catoblepas
 16421 | Lair:2   | Killed a catoblepas
 16474 | Lair:2   | Received a gift from Yredelemnul (a wight)
 16621 | Lair:2   | Found a hole to the Spider Nest.
 16685 | Lair:2   | Reached skill level 1 in Invocations
 17562 | Lair:3   | Noticed a catoblepas
 17571 | Lair:3   | Killed a catoblepas
 17571 | Lair:3   | Reached skill level 12 in Unarmed Combat
 17763 | Lair:3   | Reached skill level 10 in Fighting
 17862 | Lair:3   | HP: 4/99 [poisoned by a spiny frog]
 17869 | Lair:3   | HP: 4/99 [poisoned by a spiny frog]
 17877 | Lair:3   | HP: 4/99 [poisoned by a spiny frog]
 18367 | Lair:3   | Noticed a six-headed hydra
 18381 | Lair:3   | Killed a six-headed hydra
 18399 | Lair:3   | Received a gift from Yredelemnul (a mummy)
 19353 | Lair:3   | Reached skill level 10 in Transmutations
 19445 | Lair:3   | Noticed a five-headed hydra
 19452 | Lair:3   | Killed a five-headed hydra
 19806 | Lair:3   | Noticed a seven-headed hydra
 19815 | Lair:3   | Killed a nine-headed hydra
 19815 | Lair:3   | Reached XP level 12. HP: 74/106 MP: 8/19
 19901 | Lair:3   | Found a staircase to the Swamp.
 20331 | Lair:4   | Noticed a five-headed hydra
 20338 | Lair:4   | Killed a six-headed hydra
 20438 | Lair:4   | Noticed a seven-headed hydra
 20441 | Lair:4   | Noticed a four-headed hydra
 20715 | Lair:4   | Noticed a catoblepas
 20731 | Lair:4   | Killed a catoblepas
 21155 | Lair:4   | Killed a seven-headed hydra
 21183 | Lair:4   | Killed a four-headed hydra
 21714 | Lair:5   | Noticed Rupert
 21714 | Lair:5   | Paralysed by Rupert for 3 turns
 21821 | D:10     | Entered Level 10 of the Dungeon
 21948 | D:10     | Received a gift from Yredelemnul (2 flying skulls)
 22122 | D:10     | Noticed Erica
 22130 | D:10     | Killed Erica
 22130 | D:10     | Reached skill level 5 in Dodging
 22362 | D:10     | Noticed a two-headed ogre
 22369 | D:10     | Killed a two-headed ogre
 22369 | D:10     | Reached skill level 13 in Unarmed Combat
 22520 | D:10     | Found a glowing silver altar of Zin.
 22735 | D:11     | Noticed a four-headed hydra
 22739 | D:11     | Killed a four-headed hydra
 22797 | D:10     | Received a gift from Yredelemnul (5 flying skulls)
 22982 | D:11     | Reached ***** piety under Yredelemnul
 22987 | D:11     | Reached XP level 13. HP: 80/116 MP: 14/20
 23813 | D:11     | Found the +12 Vampire's Tooth {vamp}
 23888 | D:12     | Found a gate leading to a gauntlet.
 23892 | Gauntlet | Entered a Gauntlet
 23892 | Gauntlet | Found a transporter.
 23906 | Gauntlet | Found a transporter.
 23939 | Gauntlet | Found a transporter.
 23948 | Gauntlet | Found a transporter.
 23953 | Gauntlet | Found a transporter.
 24002 | Gauntlet | Found a transporter.
 24012 | Gauntlet | Found a transporter.
 24016 | Gauntlet | Found a transporter.
 24016 | Gauntlet | Found a transporter.
 24029 | Gauntlet | Identified the Compendium of Unholy Malediction
 24146 | Gauntlet | Found a transporter.
 24157 | Gauntlet | Received a gift from Yredelemnul (a vampire)
 24183 | Gauntlet | Got a wavering bronze ring
 24313 | Gauntlet | Identified the ring "Ennyoha" {rElec rF+ Int+8} (You found
                  | it in a Gauntlet)
 24340 | Gauntlet | Found a transporter.
 24350 | Gauntlet | Noticed a minotaur
 24365 | Gauntlet | Killed a minotaur
 24373 | Gauntlet | Identified the Almanac of Virous Air
 24449 | Gauntlet | Identified Sif Muna's Compendium of Displacement
 24469 | Gauntlet | Found a transporter.
 24470 | Gauntlet | Noticed a cacodemon
 24543 | D:12     | Found a staircase to the Orcish Mines.
 24694 | D:12     | Received a gift from Yredelemnul (a vampire)
 24923 | D:12     | HP: 2/118 [phantasmal warrior[a death knight] (24)]
 24927 | D:12     | Mangled by a phantasmal warrior

Vault maps used:
D:1:      lightli_arrival_statuegarden, minmay_misc_feat_columns,
          corexii_corridor_pit
D:2:      grunt_qazlal_sundering, fedhas_altar_3, uniq_robin
D:3:      first_ration, columned_hall_lemuel
D:4:      grunt_temple_overflow_order_and_chaos_1,
          nicolae_overflow_crystal_walls, lightli_temple_of_fire, minivault_1,
          uniq_ijyb
D:5:      minmay_temple_entry_arrows, serial_glass, glass_columns_a,
          glass_columns_a, glass_columns_b, glass_columns_b, glass_columns_c,
          glass_columns_b, glass_columns_b, glass_columns_b, glass_columns_c,
          glass_columns_b, glass_columns_c, glass_columns_a, glass_columns_b,
          glass_columns_c, due_unseen_surprise, item_on_display_a,
          gammafunk_ghost_nasty_kobolds, uniq_menkaure, uniq_duvessa
D:6:      gammafunk_ghost_nasty_kobolds, uniq_eustachio
D:7:      kennysheep_generic_room_6
D:8:      kennysheep_little_box, overflow_temple_1_default, lemuel_round_altar,
          grunt_temple_overflow_open, hangedman_pestilent_swarm,
          serial_bayou_pond_d, uniq_prince_ribbit1
D:9:      david_lair_generic, minmay_misc_feat_hallway
D:10:     basic_altar, minivault_14, uniq_erica
D:11:     minmay_guarded_unrand_vampires_tooth
D:12:     minmay_ice_pillars, erik_orc_4, gauntlet_entry_generic, serial_shops,
          shop, due_unseen_surprise
Temple:   hc_temple_tempest_star
Lair:1:   gammafunk_ghost_cemetery, infiniplex_staircase_pool,
          grunt_megastairs_4, lemuel_fruit_fields, serial_bayou_shore_b,
          serial_bayou_shore_a, lemuel_fruit_tree
Lair:2:   spider_nest_entry_web_field
Lair:3:   palyth_hydra_swamp_entry
Lair:4:   minmay_lair_oklob_chamber, grunt_megastairs_5
Lair:5:   slime_altar_1, uniq_rupert
Gauntlet: gammafunk_gauntlet_one_two_three

Skill      XL: |  1  2  3  4  5  6  7  8  9 10 11 12 13 |
---------------+----------------------------------------+-----
Unarmed Combat | 4 5 6 7 8 10 11 12 13 | 13.5
Transmutations | 3 4 5 7 10 11 | 11.2
Poison Magic   | 2 |  2.1
Fighting       | 2 4 6 8 10 11 12 | 12.0
Air Magic      | 3 |  3.1
Conjurations   | 2 |  2.1
Spellcasting   | 5 |  5.6
Invocations    | 3 |  3.1
Dodging        | 2 5 6 |  6.5

Action                   |  1- 3 |  4- 6 |  7- 9 | 10-12 | 13-15 || total
-------------------------+-------+-------+-------+-------+-------++-------
Melee: Unarmed           |    91 |   190 |   343 |   475 |   155 ||  1254
       Tailslap          |    11 |    21 |    16 |    50 |    20 ||   118
       Headbutt          |     6 |    13 |     4 |       |       ||    23
       Kick              |     3 |    18 |     4 |     9 |       ||    34
       Punch             |     1 |     1 |     5 |    13 |    12 ||    32
Throw: Javelin           |       |     3 |     1 |       |       ||     4
 Cast: Beastly Appendage |    22 |    26 |    10 |     5 |       ||    63
       Spider Form       |       |       |    23 |     7 |       ||    30
       Poisonous Vapours |       |       |    20 |    21 |     4 ||    45
       Mephitic Cloud    |       |       |     3 |     7 |     1 ||    11
       Blade Hands       |       |       |       |    23 |    15 ||    38
       Sticks to Snakes  |       |       |       |     1 |       ||     1
Invok: Animate Remains   |       |       |     7 |       |       ||     7
       Animate Dead      |       |       |       |    45 |     7 ||    52
 Abil: Breathe Frost     |       |       |     1 |     1 |       ||     2
Evoke: Wand              |       |       |       |    20 |       ||    20
  Use: Scroll            |     1 |     4 |     5 |    11 |     3 ||    24
       Potion            |       |     4 |     2 |     2 |     4 ||    12
 Stab: Sleeping          |     3 |       |       |     1 |       ||     4
       Confused          |       |       |     3 |     1 |     1 ||     5
       Distracted        |       |       |     1 |     4 |     3 ||     8
  Eat: Chunk             |     6 |     9 |    17 |    35 |    10 ||    77
       Ration            |       |     1 |     3 |     8 |     1 ||    13
Armor: Skin              |    27 |    37 |    63 |    90 |    42 ||   259
Dodge: Dodged            |    67 |    80 |   219 |   264 |    93 ||   723

Table legend:
 A = Non-vault XP
 B = Vault XP
 C = Vault XP percentage of total XP
 D = Non-vault monster count
 E = Vault monster count
 F = Vault count percentage of total count
                 A         B        C        D         E       F
            +---------+---------+-------+---------+---------+-------
      Total |   35649 |   12466 |  25.9 |     377 |      77 |  17.0
            +---------+---------+-------+---------+---------+-------
        D:1 |      29 |       0 |   0.0 |      16 |       0 |   0.0
        D:2 |      29 |      32 |  52.5 |       8 |      10 |  55.6
        D:3 |     116 |       0 |   0.0 |      27 |       0 |   0.0
        D:4 |      98 |       0 |   0.0 |      10 |       0 |   0.0
        D:5 |     154 |       0 |   0.0 |       6 |       0 |   0.0
        D:6 |     449 |     197 |  30.5 |      21 |       1 |   4.5
        D:7 |     771 |       0 |   0.0 |      26 |       0 |   0.0
        D:8 |    2549 |     750 |  22.7 |      51 |       5 |   8.9
        D:9 |    1546 |     776 |  33.4 |      37 |       5 |  11.9
       D:10 |    3071 |     907 |  22.8 |      22 |       1 |   4.3
       D:11 |    4609 |    1448 |  23.9 |      46 |       8 |  14.8
       D:12 |    1963 |     607 |  23.6 |      19 |      18 |  48.6
     Lair:1 |    3946 |     189 |   4.6 |      19 |       3 |  13.6
     Lair:2 |    2451 |       0 |   0.0 |      12 |       0 |   0.0
     Lair:3 |    6621 |    2546 |  27.8 |      32 |       7 |  17.9
     Lair:4 |    5713 |    1224 |  17.6 |      18 |       7 |  28.0
     Lair:5 |    1534 |       0 |   0.0 |       7 |       0 |   0.0
   Gauntlet |       0 |    3790 | 100.0 |       0 |      12 | 100.0
            +---------+---------+-------+---------+---------+-------
